 Dungeon Crawl Stone Soup version 0.21.1-1-g345015f (webtiles) character file.

210 Fang the Chopper (level 5, 0/49 HPs)
             Began as a Gargoyle Berserker on May 25, 2018.
             Was a Believer of Trog.
             Slain by hawkwood's ghost (4 damage)
             ... on level 3 of the Dungeon.
             The game lasted 00:02:04 (1326 turns).

Fang the Chopper (Gargoyle Berserker)               Turns: 1326, Time: 00:02:05

Health: 0/49       AC:  6    Str: 26    XL:     5   Next: 87%
Magic:  5/5        EV: 12    Int:  8    God:    Trog [**....]
Gold:   117        SH:  0    Dex:  9    Spells: 4/4 levels left

rFire    . . .     SeeInvis .   a - +0 hand axe
rCold    . . .     Gourm    .   (no shield)
rNeg     + . .     Faith    .   b - +0 animal skin
rPois    ∞         Spirit   .   (no helmet)
rElec    +         Reflect  .   (no cloak)
rCorr    .         Harm     .   (no gloves)
MR       +....     Rnd*Tele +   (no boots)
Stlth    ..........             (no amulet)
HPRegen  0.16/turn              d - ring of teleportation (curse)
MPRegen  0.09/turn              e - ring of protection from magic

@: berserking, very quick
A: negative energy resistance 1, electricity resistance, unbreathing,
petrification resistance, rot immunity, AC +4
a: Berserk, Trog's Hand, Burn Spellbooks, Renounce Religion


You were on level 3 of the Dungeon.
You worshipped Trog.
Trog was pleased with you.
You were very hungry.

You visited 1 branch of the dungeon, and saw 3 of its levels.

You collected 117 gold pieces.

Inventory:

Hand Weapons
 a - a +0 hand axe (weapon)
Armour
 b - a +0 animal skin (worn)
Jewellery
 d - a cursed ring of teleportation (left hand)
 e - a ring of protection from magic (right hand)
Scrolls
 f - a scroll of identify {unknown}
 g - 3 scrolls of remove curse {unknown}
 i - a scroll of amnesia {unknown}
 l - 3 scrolls of teleportation {unknown}
 m - 2 scrolls of enchant weapon {unknown}
 q - a scroll of fear {unknown}
 r - a scroll of fog {unknown}
Potions
 h - 2 potions of mutation {unknown}
 j - 2 potions of ambrosia {unknown}
 k - 2 potions of curing {unknown}
 n - a potion of magic {unknown}
 o - 2 potions of agility {unknown}
 p - 2 potions of might {unknown}
Comestibles
 c - 3 rations
 s - a chunk of flesh


   Skills:
 + Level 4.1 Fighting
 + Level 4.4 Axes
 + Level 2.6 Armour
 + Level 2.2 Dodging
 + Level 2.0 Stealth


You had 4 spell levels left.
You didn't know any spells.

Dungeon Overview and Level Annotations

Branches:
Dungeon (3/15)

Altars:

Annotations:
D:3 Ijyb; hawkwood's ghost, amateur NaWz


Innate Abilities, Weirdness & Mutations

You are resistant to torment.
Your stone body is resilient. (AC +4)
You are immune to poison.
You resist negative energy. (rN+)
You are resistant to electric shocks. (rElec)
You can survive without breathing.
You are immune to petrification.
You are immune to rotting.


Message History

Unknown command.
A red film seems to cover your vision as you go berserk!
You feel yourself moving faster!
You feel mighty!
You are feeling very hungry.
The hobgoblin hits you.
* * * LOW HITPOINT WARNING * * *
The hobgoblin closely misses you. Hawkwood's ghost hits you.
* * * LOW HITPOINT WARNING * * *
You hit hawkwood's ghost.
Hawkwood's ghost is moderately damaged.
You hit the goblin.
You kill the goblin!
Trog accepts your kill.
You hit Ijyb. You slash the hobgoblin!
You kill the hobgoblin!
Trog accepts your kill.
You barely miss the hobgoblin.
The hobgoblin hits you but does no damage.
Hawkwood's ghost hits you.
You die...

#...........#
###............
#.............
#...%........ .
#..........#
#..
#.........#....
#.....†........
#(....gW).#....
........#<@g..#
....###########
... .


You could see Ijyb, hawkwood's ghost and a hobgoblin.

Vanquished Creatures
  Sigmund (D:2)
  An adder (D:2)
  A dart slug (D:1)
  7 bats
  4 giant cockroaches
  7 goblins
  3 hobgoblins
  10 kobolds
  A ball python (D:2)
  2 frilled lizards
  4 rats
41 creatures vanquished.

Notes
Turn   | Place    | Note
-------+----------+-------------------------------------------
     0 | D:1      | Fang the Gargoyle Berserker began the quest for the Orb.
     0 | D:1      | Reached XP level 1. HP: 14/14 MP: 1/1
   246 | D:1      | Reached XP level 2. HP: 17/19 MP: 2/2
   596 | D:1      | Reached XP level 3. HP: 23/23 MP: 3/3
   867 | D:2      | Noticed Sigmund
   905 | D:2      | Killed Sigmund
   905 | D:2      | Reached skill level 1 in Stealth
   905 | D:2      | Reached XP level 4. HP: 29/29 MP: 4/4
   905 | D:2      | Reached XP level 5. HP: 33/33 MP: 5/5
  1046 | D:2      | Reached ** piety under Trog
  1307 | D:3      | Noticed hawkwood's ghost (amateur NaWz)
  1315 | D:3      | Noticed Ijyb
  1326 | D:3      | Slain by hawkwood's ghost

Skill      XL: |  1  2  3  4  5 |
---------------+----------------+-----
Axes           | 3 4 |  4.4
Fighting       | 4 |  4.1
Dodging        | 2 |  2.2
Stealth        | 1 2 |  2.0
Armour         | |  2.6

Action                   |  1- 3 |  4- 6 || total
-------------------------+-------+-------++-------
Melee: Hand axe          |    55 |    35 ||    90
Invok: Berserk           |     1 |     1 ||     2
 Stab: Sleeping          |     1 |       ||     1
  Eat: Chunk             |       |     2 ||     2
Armor: Animal skin       |    26 |    26 ||    52
Dodge: Dodged            |    41 |    34 ||    75
